 Dungeon Crawl Stone Soup version 0.29-a0-322-g68df515428 (webtiles) character file.

Game seed: 9720611980395515266

101 quinnr the Gusty (level 4, -2/24 HPs)
             Began as a Tengu Air Elementalist on Apr 4, 2022.
             Killed by nerve-wracking pain
             ... invoked by Grinder
              (8 damage)
             ... while paralysed by Grinder
             ... on level 3 of the Dungeon on Apr 5, 2022.
             The game lasted 00:07:10 (2878 turns).

quinnr the Gusty (Tengu Air Elementalist)           Turns: 2878, Time: 00:07:11

Health: -2/24      AC:  2    Str:  9    XL:     4   Next: 75%
Magic:  4/8        EV:  2    Int: 17    God:
Gold:   156        SH:  0    Dex: 14    Spells: 4/7 levels left

rFire   . . .      SeeInvis .   (no weapon)
rCold   . . .      Faith    .   (no shield)
rNeg    . . .      Spirit   .   a - +0 robe
rPois   +          Reflect  .   (helmet restricted)
rElec   .          Harm     .   (no cloak)
rCorr   .          Rampage  .   (no gloves)
Will    .....                   (boots unavailable)
Stlth   ++........              (no amulet)
HPRegen 0.08/turn               m - ring of poison resistance
MPRegen 0.11/turn               (no ring)

@: paralysed, brilliant
A: beak, talons 3
a: no special abilities


You were on level 3 of the Dungeon.
You visited 1 branch of the dungeon, and saw 3 of its levels.

You collected 156 gold pieces.

Inventory:

Armour
 a - a +0 robe (worn)
 f - a +2 robe of fire resistance
Jewellery
 m - a ring of poison resistance (left hand)
Scrolls
 e - a scroll of vulnerability {unknown}
 g - 2 scrolls of immolation {unknown}
 j - a scroll of enchant armour {unknown}
 n - 3 scrolls of teleportation
 o - a scroll of enchant weapon {unknown}
 p - a scroll of noise {unknown}
Potions
 b - a potion of magic
 c - a potion of mutation
 i - a potion of might
 k - 2 potions of degeneration
 l - a potion of curing


   Skills:
 - Level 2.2 Dodging
 - Level 2.1 Stealth
 - Level 2.0 Spellcasting
 - Level 1.5 Conjurations
 + Level 6.8 Air Magic


You had 4 spell levels left.
You knew the following spells:

 Your Spells              Type           Power      Damage    Failure   Level
a - Shock                 Conj/Air       96%        1d9       3%          1
b - Poisonous Vapours     Pois/Air       40%        N/A       7%          2

Your spell library contained the following spells:

 Spells                   Type           Power      Damage    Failure   Level
 Swiftness                Air            37%        N/A       3%          3
 Static Discharge         Conj/Air       24%        N/A       5%          2
 Airstrike                Air            18%        N/A       12%         4
 Sting                    Tmut/Pois      8%         1d3       19%         1
 Olgreb's Toxic Radiance  Pois           2%         N/A       88%         4


Dungeon Overview and Level Annotations

Branches:
Dungeon (3/15)

Altars:

Annotations:
D:3 Grinder


Innate Abilities, Weirdness & Mutations

You have a beak for a mouth.
You have claws for feet.


Message History

You feel a surge of power!
The zap hits Grinder.
Grinder is lightly wounded.
The zap hits Grinder.
Grinder is moderately wounded.
Grinder blinks!
You start resting.
Grinder is nearby!
Casting: Shock (safe; 3% risk of failure)
Confirm with . or Enter, or press ? or * to list all spells.
Aiming: Shock (safe; 3% risk of failure)
Press: ? - help, Shift-Dir - straight line, f - Grinder
Aim: Grinder (moderately wounded, 71% to hit)
You feel a surge of power!
The zap hits Grinder!
Grinder is heavily wounded.
The zap hits Grinder.
Grinder is severely wounded.
Grinder gestures at you. Pain shoots through your body!
Ouch! That really hurt!
* * * LOW HITPOINT WARNING * * *
Casting: Shock (safe; 3% risk of failure)
Confirm with . or Enter, or press ? or * to list all spells.
Aiming: Shock (safe; 3% risk of failure)
Press: ? - help, Shift-Dir - straight line, f/p - Grinder
Aim: Grinder (severely wounded, 71% to hit)
You feel a surge of power!
The zap misses Grinder.
The zap hits Grinder.
Grinder is almost dead.
Unknown command.
Casting: Shock (safe; 3% risk of failure)
Confirm with . or Enter, or press ? or * to list all spells.
Aiming: Shock (safe; 3% risk of failure)
Press: ? - help, Shift-Dir - straight line, f/p - Grinder
Aim: Grinder (almost dead, 71% to hit)
You feel a surge of power!
The zap hits Grinder.
Grinder is almost dead.
Grinder gestures at you.
You suddenly lose the ability to move!
Grinder gestures at you. Pain shoots through your body!
You die...

#).....# .. #......#
.###......#
..##......#
..##......#
#.##......#
#.##......#
#.##......#
#@##......#
#!####.##......###
##..........#.....#
......5.........>###
.......###........#
.###.#. #........#
#.#. #........# . ..
#........# # #.
########## ###


You could see Grinder.

Vanquished Creatures
  Jessica (D:2)
  An adder (D:2)
  A worm (D:2)
  4 dart slugs
  2 endoplasms (D:2)
  A giant cockroach (D:1)
  7 goblins
  6 hobgoblins
  2 jackals (D:1)
  2 quokkas
  5 ball pythons
  7 bats
  4 frilled lizards
  6 kobolds
  5 rats (D:1)
54 creatures vanquished.

Notes
Turn   | Place    | Note
-------+----------+-------------------------------------------
     0 | D:1      | quinnr the Tengu Air Elementalist began the quest for the
                  | Orb.
     0 | D:1      | Reached XP level 1. HP: 10/10 MP: 4/4
   280 | D:1      | Reached XP level 2. HP: 15/15 MP: 3/6
   655 | D:1      | Reached skill level 5 in Air Magic
   841 | D:1      | Reached XP level 3. HP: 18/19 MP: 3/7
  1406 | D:2      | Learned a level 2 spell: Poisonous Vapours
  1430 | D:2      | Found a faded altar of an unknown god.
  1627 | D:2      | Noticed Jessica
  1645 | D:2      | Killed Jessica
  1646 | D:2      | Reached skill level 6 in Air Magic
  1646 | D:2      | Reached XP level 4. HP: 19/24 MP: 1/8
  1740 | D:2      | Upgraded the game from 0.29-a0-321-gf1c400731a to
                  | 0.29-a0-322-g68df515428
  2588 | D:3      | Identified the +1 helmet of the Volcano {rPois MP+9 Int-2
                  | Stlth+}
  2680 | D:3      | Noticed Grinder
  2877 | D:3      | Paralysed by Grinder for 7 turns
  2878 | D:3      | Killed from afar by Grinder

Illustrated notes

Levels and vault maps discovered:
D:1:      dpeg_arrival_shelter, layout_loops_corners
D:2:      layout_loops_ring, shapermc_ecumenical_altar_totnotflames,
          uniq_jessica
D:3:      layout_basic, hex_tiny, uniq_grinder

Skill      XL: |  1  2  3 |
---------------+----------+-----
Air Magic      | 5 6 |  6.8
Dodging        | |  2.2
Stealth        | |  2.1
Spellcasting   | |  2.0
Conjurations   | |  1.5

Action                   |  1- 3 |  4- 6 || total
-------------------------+-------+-------++-------
Melee: Unarmed           |     2 |     5 ||     7
       Kick              |     2 |     2 ||     4
       Peck              |     1 |     1 ||     2
 Cast: Shock             |    71 |    52 ||   123
  Use: Scroll            |       |     6 ||     6
       Potion            |       |     2 ||     2
Armor: Robe              |     1 |     2 ||     3
Dodge: Dodged            |     3 |    11 ||    14

Table legend: (Time is in decaauts)
 A = Elapsed time spent in this place.
 B = Non-inter-level travel time spent in this place.
 C = Inter-level travel time spent in this place.
 D = Time resting spent in this place.
 E = Time spent auto-exploring this place.
 F = Levels seen in this place.
 G = Mean time per level.
                   A        B        C        D        E       F      G
               +--------+--------+--------+--------+--------+-----+--------+
         Total |   2876 |   2804 |     72 |    131 |   2362 |   3 |  958.7 |
       Dungeon |   2876 |   2804 |     72 |    131 |   2362 |   3 |  958.7 |
               +--------+--------+--------+--------+--------+-----+--------+

Top non-repeatable levels by time:
     D:1: 1323 daAuts
     D:2: 1233 daAuts
     D:3: 320 daAuts
